 Dungeon Crawl Stone Soup version 0.27.1-35-g4d5d836560 (webtiles) character file.

Game seed: 495555207264398461

2326 Delamore the Slicer (level 9, -4/58 HPs)
             Began as an Octopode Brigand on May 19, 2022.
             Was an Initiate of Gozag.
             Slain by peterlawrence's ghost (12 damage)
             ... on level 6 of the Dungeon.
             The game lasted 00:11:29 (7623 turns).

Delamore the Slicer (Octopode Brigand)              Turns: 7623, Time: 00:11:30

Health: -4/58      AC:  1    Str: 10    XL:     9   Next: 42%
Magic:  0/18       EV: 14    Int: 13    God:    Gozag
Gold:   145        SH:  0    Dex: 17    Spells: 6/8 levels left

rFire    . . .     SeeInvis .   j - +1 dagger (elec)
rCold    . . .     Faith    .   (no shield)
rNeg     . . .     Spirit   +   (helmet restricted)
rPois    .         Reflect  .   x - amulet of guardian spirit
rElec    .         Harm     .   g - ring of magical power
rCorr    .         Rampage  .   (no ring)
Will     .....                  (no ring)
Stlth    ++++......             (no ring)
HPRegen  0.19/turn              (no ring)
MPRegen  0.16/turn              (no ring)
                                (no ring)
                                (no ring)

@: no status effects
A: almost no armour, amphibious, 8 rings, camouflage 1, gelatinous body 1,
(nimble swimmer 1), tentacles
a: Renounce Religion, Potion Petition, Call Merchant, Bribe Branch


You were on level 6 of the Dungeon.
You worshipped Gozag.
Gozag was aware of your devotion.
You visited 2 branches of the dungeon, and saw 7 of its levels.

You collected 217 gold pieces.
You paid 72 gold pieces to Gozag.

Inventory:

Hand Weapons
 a - a +2 dagger
 j - a +1 dagger of electrocution (weapon)
 r - a +1 short sword of freezing
 u - a +0 short sword of venom
Missiles
 b - 23 poisoned darts
 c - 2 curare-tipped darts
 d - 119 stones
 e - 3 javelins
 i - 7 atropa-tipped darts
 k - 3 boomerangs (quivered)
 C - 2 throwing nets
 H - 2 boomerangs of dispersal
Jewellery
 g - a ring of magical power (left tentacle)
 m - an amulet of magic regeneration
 x - an amulet of guardian spirit (around mantle)
Wands
 f - a wand of digging (6)
 t - a wand of iceblast (5)
Scrolls
 h - 2 scrolls of fog
 l - a scroll of enchant armour
 q - 2 scrolls of vulnerability
 s - a scroll of immolation
 w - 2 scrolls of fear
 y - a scroll of amnesia
 B - 2 scrolls of noise
 E - a scroll of magic mapping {unknown}
 F - a scroll of silence {unknown}
 G - a scroll of enchant weapon {unknown}
Potions
 n - a potion of attraction
 p - a potion of mutation {unknown}
 v - 2 potions of flight {unknown}
 z - a potion of brilliance {unknown}
 A - 2 potions of might {unknown}
 D - a potion of lignification {unknown}


   Skills:
 + Level 3.9 Fighting
 - Level 10.0 Short Blades
 - Level 6.0 Throwing
 + Level 3.4 Dodging
 - Level 5.3 Stealth


You had 6 spell levels left.
You knew the following spells:

 Your Spells              Type           Power      Damage    Failure   Level
a - Blink                 Tloc           N/A        N/A       43%         2

Your spell library contained the following spells:

 Spells                   Type           Power      Damage    Failure   Level
 Foxfire                  Conj/Fire      0%         2x1d4     30%         1
 Conjure Flame            Conj/Fire      0%         6-21      67%         3
 Dazzling Flash           Conj/Hex       0%         N/A       67%         3
 Inner Flame              Hex/Fire       0%         N/A       67%         3
 Iskenderun's Mystic Bla  Conj/Tloc      0%         2d3       97%         4
 Manifold Assault         Tloc           0%         N/A       100%        5
 Starburst                Conj/Fire      0%         6d3       100%        6
 Storm Form               Tmut/Air       0%         N/A       100%        7


Dungeon Overview and Level Annotations

Branches:
Dungeon (6/15)             Temple (1/1) D:4

Altars:
Cheibriados
Elyvilon
Gozag
Hepliaklqana
Kikubaaqudgha
Nemelex Xobeh
Okawaru
Qazlal
Ru
Sif Muna
Trog
Yredelemnul
Zin
The Shining One

Shops:
D:4 (

Annotations:
D:3 Sapher's ghost, weakling DjWr
D:6 peterlawrence's ghost, amateur MiFi


Innate Abilities, Weirdness & Mutations

You cannot wear most types of armour.
You are amphibious.
You can wear up to eight rings at the same time.
Your skin changes colour to match your surroundings (Stealth+).
Your rubbery body absorbs attacks. (AC +1, EV +1)
((You are camouflaged near water. (Stealth+)))
You have tentacles for arms and can constrict up to eight enemies at once.


Message History

Peterlawrence's ghost barely misses you.
You hit peterlawrence's ghost but do no damage.
You squeeze peterlawrence's ghost, but do no damage.
Peterlawrence's ghost is heavily damaged.
You hit peterlawrence's ghost.
Peterlawrence's ghost is heavily damaged.
Peterlawrence's ghost barely misses you.
You barely miss peterlawrence's ghost.
Peterlawrence's ghost is heavily damaged.
You hit peterlawrence's ghost but do no damage.
You squeeze peterlawrence's ghost.
Peterlawrence's ghost is heavily damaged.
Peterlawrence's ghost is distracted by your dazzling golden aura.
Peterlawrence's ghost turns its malevolent gaze towards you.
You hit peterlawrence's ghost.
Peterlawrence's ghost is no longer distracted by gold.
Peterlawrence's ghost is heavily damaged.
You barely miss peterlawrence's ghost.
Peterlawrence's ghost is heavily damaged.
Peterlawrence's ghost hits you.
You hit peterlawrence's ghost but do no damage.
You squeeze peterlawrence's ghost.
Peterlawrence's ghost is heavily damaged.
You hit peterlawrence's ghost. You squeeze peterlawrence's ghost.
Peterlawrence's ghost is severely damaged.
Peterlawrence's ghost hits you.
* * * LOW HITPOINT WARNING * * *
You feel better. Peterlawrence's ghost hits you!
You hit peterlawrence's ghost but do no damage.
You squeeze peterlawrence's ghost, but do no damage.
Peterlawrence's ghost is severely damaged.
You hit peterlawrence's ghost.
Peterlawrence's ghost is severely damaged.
Peterlawrence's ghost hits you!
* * * LOW HITPOINT WARNING * * *
You feel better. Peterlawrence's ghost hits you!
* * * LOW HITPOINT WARNING * * *
You feel better. Peterlawrence's ghost hits you!
You die...
Your body crumbles into a pile of gold.

..[............. ....
###............### ..$..
#≈#...............
......#?#...............
......#≈#....####.......
....#≈#..## #.......
..#≈#..########.....
###W###......##.....
#.#@#.#.............
#...$.#.......≈.≈≈≈≈
###.###.......≈..§.§
#.###.......≈.≈...
#...........≈§≈._.
###.........≈.§...
####.........≈.....
#............≈.≈§≈≈
#).................


You could see peterlawrence's ghost.

Vanquished Creatures
  Sigmund (D:3)
  A vampire (D:5)
  Edmund (D:4)
  A black bear (D:5)
  An ice beast (D:5)
  4 necrophages
  3 ogres
  2 centaurs
  A bullfrog (D:6)
  A water moccasin zombie (D:5)
  4 scorpions
  5 wights (D:5)
  2 jellies
  A bullfrog skeleton (D:4)
  3 hounds (D:5)
  Jessica (D:3)
  A hound skeleton (D:5)
  9 adders
  4 gnolls (D:4)
  An ufetubus (D:4)
  3 worms
  A dart slug (D:5)
  6 orcs
  9 ball pythons
  7 endoplasms
  10 giant cockroaches
  8 goblins
  4 hobgoblins
  4 kobolds
  5 quokkas
  9 bats
  3 frilled lizards (D:3)
  3 rats
119 creatures vanquished.

Vanquished Creatures (others)
  2 plants (D:2)
2 creatures vanquished.

Grand Total: 121 creatures vanquished

Notes
Turn   | Place    | Note
-------+----------+-------------------------------------------
     0 | D:1      | Delamore the Octopode Brigand began the quest for the Orb.
     0 | D:1      | Reached XP level 1. HP: 14/14 MP: 1/1
   204 | D:1      | Reached XP level 2. HP: 16/19 MP: 2/2
   850 | D:1      | Reached skill level 3 in Short Blades
  1056 | D:2      | Reached XP level 3. HP: 21/24 MP: 3/3
  1468 | D:2      | HP: 1/24 [poisoned by an adder]
  1485 | D:2      | Reached XP level 4. HP: 25/29 MP: 4/4
  2006 | D:2      | Learned a level 2 spell: Blink
  2010 | D:2      | Noticed an ogre
  2017 | D:2      | Killed an ogre
  2018 | D:2      | Reached skill level 4 in Short Blades
  2018 | D:2      | Reached XP level 5. HP: 33/34 MP: 5/5
  2363 | D:3      | Noticed Jessica
  2363 | D:3      | Noticed Sigmund
  2371 | D:3      | Killed Jessica
  2374 | D:3      | Killed Sigmund
  2375 | D:3      | Reached skill level 5 in Short Blades
  2375 | D:3      | Reached XP level 6. HP: 17/39 MP: 6/6
  2556 | D:3      | Found a transporter.
  2659 | D:3      | Found a transporter.
  2659 | D:3      | Noticed Sapher's ghost (weakling DjWr)
  2732 | D:3      | Found a faded altar of an unknown god.
  2779 | D:3      | Noticed a necrophage
  2788 | D:3      | Killed a necrophage
  2789 | D:3      | Reached skill level 6 in Short Blades
  2789 | D:3      | Reached XP level 7. HP: 42/45 MP: 7/7
  2880 | D:3      | Found a bloodstained altar of Trog.
  4018 | D:4      | Found Todyufir's Weapon Shoppe.
  4311 | D:4      | Noticed Edmund
  4314 | D:4      | Killed Edmund
  4315 | D:4      | Reached skill level 5 in Throwing
  4413 | D:4      | Reached skill level 7 in Short Blades
  4624 | D:4      | Found a staircase to the Ecumenical Temple.
  4720 | Temple   | Entered the Ecumenical Temple
  5238 | D:5      | Entered Level 5 of the Dungeon
  5337 | D:5      | Reached XP level 8. HP: 50/50 MP: 8/8
  5453 | D:5      | Reached skill level 8 in Short Blades
  5689 | D:5      | Reached skill level 9 in Short Blades
  5721 | D:5      | Noticed a vampire
  5942 | D:5      | Reached XP level 9. HP: 54/54 MP: 9/9
  6215 | D:5      | Reached skill level 10 in Short Blades
  7400 | D:6      | Found an opulent altar of Gozag.
  7414 | D:6      | Found a runed translucent door.
  7427 | D:6      | Became a worshipper of Gozag Ym Sagoz the Greedy
  7578 | D:6      | Noticed peterlawrence's ghost (amateur MiFi)
  7622 | D:6      | HP: 2/58 [peterlawrence's ghost (10)]
  7623 | D:6      | Slain by peterlawrence's ghost

Illustrated notes

Levels and vault maps discovered:
D:1:      dpeg_arrival_simpleton_c, layout_basic, grunt_decor_one_mirror,
          kennysheep_nondescript, minmay_worlds_worst_comb
D:2:      layout_loops_cross, corexii_shack, amcnicky_mini_corridor_feature
D:3:      minmay_chambers_of_threes, layout_basic, mainiacjoe_overflow_24_doors,
          shapermc_ecumenical_altar_notcrosses, gammafunk_ghost_arena,
          kennysheep_path_1, chequers_serial_rivers_room_a, minmay_liquid_box,
          serial_bayou_lagoon_a, uniq_jessica, uniq_sigmund
D:4:      layout_basic, lemuel_temple_firewalk_a, serial_shops, shop_fountains,
          uniq_edmund
D:5:      minmay_angry_zag, layout_basic, hex_medium, st_stairs_8
D:6:      layout_basic, mainiacjoe_overflow_cross_hatched,
          mainiacjoe_overflow_big_doors, bloody_makhleb, ebering_ghost_sewer_d
Temple:   minmay_temple_bridge_abc

Skill      XL: |  1  2  3  4  5  6  7  8  9 |
---------------+----------------------------+-----
Short Blades   | 3 4 5 6 7 9 10 | 10.0
Throwing       | 3 4 5 6 |  6.0
Fighting       | 3 |  3.9
Dodging        | 3 |  3.4
Stealth        | |  5.3

Action                   |  1- 3 |  4- 6 |  7- 9 || total
-------------------------+-------+-------+-------++-------
Melee: Dagger            |    59 |    31 |   172 ||   262
       Constrict         |    17 |     7 |    28 ||    52
       Tentacles         |    19 |     5 |    43 ||    67
Throw: Stone             |    37 |    40 |    54 ||   131
       Javelin           |       |     5 |     3 ||     8
       Dart              |       |     3 |     3 ||     6
       Boomerang         |       |     7 |    51 ||    58
  Use: Potion            |     1 |       |     4 ||     5
       Scroll            |       |     3 |     7 ||    10
 Stab: Sleeping          |     5 |     4 |     4 ||    13
Armor: Skin              |     3 |     1 |     6 ||    10
Dodge: Dodged            |    42 |    10 |    79 ||   131
